 Dungeon Crawl Stone Soup version 0.31-a0-983-g7b6862f502 (webtiles) character file.

Game seed: 10550492361270925321

134327 Pooter the Executioner (level 16, -4/154 HPs)
             Began as a Minotaur Berserker on Nov 1, 2023.
             Was an Elder of Trog.
             Shot with an arrow by a deep elf archer (22 damage)
             ... on level 2 of the Elven Halls on Nov 2, 2023.
             The game lasted 02:38:31 (33970 turns).

Pooter the Executioner (Minotaur Berserker)        Turns: 33970, Time: 02:38:32

Health: -4/154     AC: 23    Str: 26    XL:     16   Next: 61%
Magic:  15/15      EV: 13    Int:  8    God:    Trog [****..]
Gold:   47         SH:  5    Dex: 12    Spells: 15/15 levels left

rFire   + . .        R - +1 executioner's axe (heavy)
rCold   . . .        (shield currently unavailable)
rNeg    . . .        x - +4 plate armour {rF+}
rPois   .            Q - +3 crown of Dyrovepreva {rElec Int+2 SInv}
rElec   +            q - +0 cloak
rCorr   .            s - +1 pair of gloves
SInv    +            (no boots)
Will    ++...        X - amulet of reflection Stlth
                     K - +5 ring of evasion
HPRegen 0.45/turn    B - ring "Hasoboj" {Fly Will+ Slay+2 Stlth+}
MPRegen 0.14/turn

%: reflection
@: on berserk cooldown, flying, slowed, very slow
A: horns 2, retaliatory headbutt
a: Renounce Religion, Berserk, Trog's Hand, Brothers in Arms


You were on level 2 of the Elven Halls.
You worshipped Trog.
Trog was greatly pleased with you.
You visited 4 branches of the dungeon, and saw 24 of its levels.
You also visited: Volcano.

You collected 2791 gold pieces.
You spent 2744 gold pieces at shops.

Inventory:

Hand Weapons
 a - the +8 mithril axe "Arga" {speed, Will+}
   (You acquired it on level 5 of the Dungeon)

   Will+:     It increases your willpower.
 b - a +6 longbow of flaming
   (You found it in a volcano)
 R - a +1 heavy executioner's axe (weapon)
   (Trog gifted it to you on level 1 of the Orcish Mines)
 U - a +0 battleaxe of flaming
   (You found it in a volcano)
 V - a +3 vampiric battleaxe
   (You took it off a hell knight in a volcano)
Missiles
 d - a curare-tipped dart
 r - 5 javelins
 A - 30 boomerangs (quivered)
 O - 6 atropa-tipped darts
Armour
 j - the +8 plate armour of Cheibriados's Whim {Int+4 Dex+3}
   (You found it on level 11 of the Dungeon)

   Int+4:     It affects your intelligence (+4).
   Dex+3:     It affects your dexterity (+3).
 q - a +0 cloak (worn)
   (You found it on level 4 of the Dungeon)
 s - a +1 pair of gloves (worn)
   (You found it on level 9 of the Dungeon)
 w - the +4 chain mail of Oblivion {rElec rN++ Will+ Int-3}
   (You found it on level 5 of the Lair of Beasts)

   Int-3:     It affects your intelligence (-3).
   rElec:     It insulates you from electricity.
   rN++:      It greatly protects you from negative energy.
   Will+:     It increases your willpower.
 x - a +4 plate armour of fire resistance (worn)
   (You took it off an orc knight on level 2 of the Orcish Mines)
 Q - the +3 crown of Dyrovepreva (worn) {rElec Int+2 SInv}
   (You bought it in a shop on level 2 of the Orcish Mines)

   Int+2:     It affects your intelligence (+2).
   rElec:     It insulates you from electricity.
   SInv:      It lets you see invisible.
Jewellery
 l - an amulet of regeneration
   (You found it on level 3 of the Dungeon)
 m - the amulet "Esirghy" {Spirit rElec Will+}
   (You found it on level 3 of the Lair of Beasts)

   [amulet of guardian spirit]

   Spirit:    It causes incoming damage to be divided between your reserves of
   health and magic.
   rElec:     It insulates you from electricity.
   Will+:     It increases your willpower.
 B - the ring "Hasoboj" (right hand) {Fly Will+ Slay+2 Stlth+}
   (You bought it in a shop on level 1 of the Elven Halls)

   [ring of willpower]

   Slay+2:    It affects your accuracy & damage with ranged weapons and melee
   (+2).
   Will+:     It increases your willpower.
   Fly:       It grants you flight.
   Stlth+:    It makes you more stealthy.
 F - a ring of protection from fire
   (You found it on level 8 of the Dungeon)
 K - a +5 ring of evasion (left hand)
   (You found it on level 15 of the Dungeon)
 P - a ring of poison resistance
   (You found it on level 3 of the Lair of Beasts)
 S - an amulet of the acrobat
   (You found it on level 9 of the Dungeon)
 X - an amulet of reflection (around neck)
   (You found it on level 1 of the Lair of Beasts)
Wands
 f - a wand of flame (66)
   (You took it off a kobold on level 7 of the Dungeon)
 o - a wand of polymorph (4)
   (You found it on level 10 of the Dungeon)
 u - a wand of paralysis (30)
   (You found it on level 3 of the Dungeon)
 v - a wand of mindburst (7)
   (You found it on level 2 of the Lair of Beasts)
 D - a wand of digging (2)
   (You found it on level 2 of the Lair of Beasts)
 G - a wand of quicksilver (28)
   (You found it on level 2 of the Dungeon)
 N - a wand of roots (18)
   (You took it off a hobgoblin on level 6 of the Dungeon)
Scrolls
 e - 2 scrolls of immolation {!r}
 i - 4 scrolls of identify {@r1}
 t - 10 scrolls of teleportation {@r4}
 y - 4 scrolls of poison {!r}
 z - a scroll of silence
 H - 3 scrolls of revelation
 I - 2 scrolls of noise {!r}
 L - 3 scrolls of vulnerability {!r}
 T - 2 scrolls of fog
 W - 5 scrolls of fear
 Z - a scroll of butterflies
Potions
 c - 2 potions of resistance
 g - 2 potions of enlightenment
 h - 11 potions of heal wounds {@q2}
 k - 7 potions of might
 n - a potion of invisibility
 p - 12 potions of curing {@q1}
 C - 4 potions of cancellation
 E - a potion of mutation {!q}
 J - 3 potions of haste {@q3}
 M - 3 potions of attraction {!q}
Miscellaneous
 Y - a sack of spiders
   (You found it on level 4 of the Lair of Beasts)


   Skills:
 + Level 16.9 Fighting
 * Level 21.5 Axes
 * Level 18.8 Ranged Weapons
 - Level 7.0 Armour
 - Level 2.1 Dodging
 + Level 8.3 Evocations


You had 15 spell levels left.
You didn't know any spells.
Your spell library was empty.

Dungeon Overview and Level Annotations

Branches:
Dungeon (15/15) Zot: 24509  Temple (0/1) D:5            Lair (5/5) D:9 Zot: 21362
  Swamp (0/4) Lair:3        Snake (0/4) Lair:3        Slime (0/5) Lair:5
    Orc (2/2) D:11 Zot: 9488     Elf (2/3) Orc:2 Zot: 9302  Vaults (0/5) D:14
 Depths (0/4) D:15        Volcano (visited)

Altars:
Ashenzari
Dithmenos
Elyvilon
Fedhas
Gozag
Hepliaklqana
Makhleb
Nemelex Xobeh
Okawaru
Ru
Sif Muna
Uskayaw
Vehumet
Wu Jian
Xom
The Shining One
Jiyva

Shops:
D:3 !   D:12 (?[:!   Orc:2 [*[:   Elf:1 =:=


Innate Abilities, Weirdness & Mutations

You have a pair of horns on your head.
You reflexively headbutt those who attack you in melee.


Message History

The shard of ice hits you!!!
The deep elf archer mumbles some strange words.
The deep elf archer blinks!
You feel your anger nearly subside.
The deep elf knight casts a spell at you.
The shard of ice hits you!
A deep elf archer comes into view. It is wielding a +2 dagger of venom.
You are no longer berserk.
You are exhausted.
You feel yourself slow down.
The deep elf archer shouts!
The deep elf archer shoots an arrow.
The arrow hits you!
The deep elf knight hits you with a +0 long sword.
You slice the deep elf knight like a ripe choko!!!!
You kill the deep elf knight!
Trog accepts your kill.
Trog appreciates your killing of a magic user.
You hear a shout!
The deep elf knight points at you and mumbles some strange words.
The shard of ice hits you!!
The deep elf archer shoots an arrow.
The arrow hits you but does no damage.
A deep elf knight comes into view. It is wielding a +0 long sword.
The deep elf archer shoots an arrow.
The arrow hits you!!
* * * LOW HITPOINT WARNING * * *
The deep elf knight hits you but does no damage.
The deep elf archer shoots an arrow.
The arrow completely misses you.
You miss the deep elf knight. You headbutt the deep elf knight!
The deep elf knight casts a spell at you.
The shard of ice hits you!
* * * LOW HITPOINT WARNING * * *
The deep elf archer shoots an arrow.
The arrow hits you.
* * * LOW HITPOINT WARNING * * *
The deep elf knight hits you with a +0 scimitar!
* * * LOW HITPOINT WARNING * * *
The deep elf archer shoots an arrow.
The arrow hits you but does no damage.
You completely miss the deep elf knight.
The deep elf knight hits you with a +0 scimitar!
* * * LOW HITPOINT WARNING * * *
The deep elf archer gestures at you while chanting.
You resist with almost no effort.
The deep elf knight hits you with a +0 scimitar.
* * * LOW HITPOINT WARNING * * *
The deep elf knight gestures wildly while chanting.
The deep elf knight seems to speed up.
The deep elf archer unwields a +2 dagger of venom.
It stops dripping with poison.
The deep elf archer wields a +0 longbow.
The deep elf archer shoots an arrow.
The arrow barely misses you.
The deep elf archer shoots an arrow.
The arrow hits you!!
You die...

.. .. ..# #. .# #..
#.####### #.##..
#........ . #.#.#
#..#####. !. #.#.#
##.#.#####. ..
#.#.######.###...##. e#
#e......#.....#.#. . #.
#@......#...)###..
....#.##.e.e)....#.#...#.
......)e...)......##.<.##
########################.
#.# ###


You could see 2 deep elf archers and 2 deep elf knights.

Vanquished Creatures
  Jorgrun (Orc:2)
  Kirke (D:12)
  The ghost of Xavori the Carver, an adept DjCK of Xom (Lair:3)
  A deep elf elementalist (Elf:1)
  An ironbound thunderhulk (D:14)
  Azrael (D:12)
  A deep elf demonologist (Elf:1)
  An eleionoma (Lair:3)
  Snorg (D:10)
  The ghost of Stellion the Covert, a journeyman GnDe of Ru (D:9)
  A rakshasa (D:15)
  A vault guard (D:14)
  5 hydras
  3 boulder beetles
  3 centaur warriors
  A catoblepas (Lair:5)
  3 two-headed ogres
  2 tengu warriors (D:13)
  3 dancing weapons
  21 death yaks
  A deep troll shaman (Lair:5)
  7 orc high priests
  A hell knight (Volcano)
  6 deep elf knights
  A skeletal warrior (D:12)
  5 skysharks
  Lodul (D:13)
  An arcanist (D:13)
  2 deep elf archers (Elf:1)
  12 orc knights
  6 lindwurms
  A necromancer (D:15)
  10 deep elf zephyrmancers
  A wolf spider (D:13)
  11 deep elf pyromancers
  14 ugly things
  4 orc sorcerers
  An oklob plant (Lair:3)
  4 salamanders
  A manticore (D:15)
  9 cyclopes
  A centaur zombie (D:15)
  5 elephants
  2 black mambas (Lair:5)
  A torpor snail (D:9)
  2 gargoyles (Volcano)
  8 cane toads
  3 molten gargoyles (Volcano)
  A centaur skeleton (D:15)
  2 unseen horrors
  6 komodo dragons
  A kobold demonologist (D:8)
  4 freezing wraiths
  3 rime drakes
  6 tengu conjurers
  3 efreet
  9 trolls
  2 polar bears (Lair:3)
  Grinder (D:4)
  A hornet (D:9)
  6 saltlings (Orc:2)
  17 blink frogs
  9 slime creatures
  2 centaur simulacra (D:15)
  An air elemental (Elf:2)
  2 jumping spiders (D:13)
  A shadow (D:9)
  79 yaks
  6 hogs
  4 humans
  5 wyverns
  2 redbacks (D:13)
  3 basilisks
  2 fire elementals
  A steam dragon (D:8)
  16 vampire mosquitoes
  3 wargs
  An acid dragon (D:11)
  3 nagas (Lair:3)
  22 water moccasins
  5 hell hounds (D:12)
  A meliai simulacrum (D:15)
  20 orc warriors
  3 sky beasts
  An ice beast (D:6)
  15 ogres
  5 boggarts (D:14)
  4 black bears
  30 wolves
  19 centaurs
  16 bullfrogs
  11 kobold brigands
  A gnoll sergeant (D:6)
  3 earth elementals (Elf:1)
  A hornet simulacrum (D:15)
  5 scorpions
  11 killer bees
  7 howler monkeys
  A crimson imp (D:4)
  4 lava snakes (D:13)
  A gnoll bouda (D:6)
  8 hounds
  4 jellies
  22 orc priests
  A sleepcap (D:4)
  Jessica (D:3)
  5 iguanas
  28 orc wizards
  13 hell rats
  7 adders
  2 gnolls
  A shadow imp (D:6)
  A white imp (D:6)
  2 ufetubi (D:7)
  3 worms
  5 dart slugs
  74 orcs
  2 bats
  5 endoplasms
  2 giant cockroaches (D:3)
  5 goblins
  12 hobgoblins
  2 quokkas
  3 ball pythons (D:1)
  4 frilled lizards
  29 kobolds
  26 rats
829 creatures vanquished.

Vanquished Creatures (others)
  A rakshasa (D:14)
  An ugly thing (D:14)
  An orc wizard (Orc:2)
  2 orcs (Orc:1)
5 creatures vanquished.

Grand Total: 834 creatures vanquished

Notes
Turn   | Place    | Note
-------+----------+-------------------------------------------
     0 | D:1      | Pooter the Minotaur Berserker began the quest for the Orb.
     0 | D:1      | Reached XP level 1. HP: 19/19 MP: 0/0
   210 | D:1      | Reached skill level 4 in Axes
   218 | D:1      | Reached XP level 2. HP: 27/27 MP: 1/1
   927 | D:1      | Reached XP level 3. HP: 33/33 MP: 2/2
  1434 | D:2      | Reached ** piety under Trog
  1537 | D:2      | You fall into a shaft and drop 1 floor!
  1538 | D:3      | Found Sicitz's Distillery.
  1548 | D:3      | Reached skill level 5 in Axes
  1582 | D:3      | Bought a potion of degeneration for 14 gold pieces
  1665 | D:3      | Reached XP level 4. HP: 41/41 MP: 3/3
  1789 | D:2      | Reached skill level 6 in Axes
  1869 | D:2      | Reached skill level 5 in Fighting
  1869 | D:2      | Reached XP level 5. HP: 48/48 MP: 4/4
  2252 | D:3      | Noticed Jessica
  2254 | D:3      | Killed Jessica
  2445 | D:3      | Noticed an ogre
  2569 | D:3      | Killed an ogre
  2588 | D:3      | Reached XP level 6. HP: 56/56 MP: 5/5
  2635 | D:3      | Bought a potion of invisibility for 112 gold pieces
  2785 | D:3      | Reached skill level 7 in Axes
  3138 | D:4      | Found a burning altar of Makhleb.
  3138 | D:4      | Found a shimmering altar of Xom.
  3685 | D:4      | Found an ornate altar of the Wu Jian Council.
  3884 | D:3      | Bought a potion of might for 56 gold pieces
  4006 | D:4      | Reached *** piety under Trog
  4019 | D:4      | Reached skill level 8 in Axes
  4019 | D:4      | Reached XP level 7. HP: 57/63 MP: 6/6
  4096 | D:4      | Noticed Grinder
  4096 | D:4      | Paralysed by Grinder for 4 turns
  4111 | D:4      | Killed Grinder
  4280 | D:4      | Reached skill level 9 in Axes
  4490 | D:5      | Entered Level 5 of the Dungeon
  4571 | D:5      | Reached XP level 8. HP: 73/73 MP: 7/7
  4576 | D:5      | Reached skill level 10 in Axes
  4625 | D:5      | Found a staircase to the Ecumenical Temple.
  5000 | D:5      | Found a white marble altar of Elyvilon.
  5116 | D:5      | Identified the +7 ring mail of the Lumpy Eyes {*Slow +Blink
                  | Stlth+}
  5372 | D:5      | Identified a scroll of acquirement
  5373 | D:5      | Acquired the +8 mithril axe "Arga" {speed, Will+}
  5373 | D:5      | Found the +8 mithril axe "Arga" {speed, Will+}
  5488 | D:6      | Reached skill level 11 in Axes
  5508 | D:6      | Found a broken altar of Ashenzari.
  5645 | D:6      | Reached skill level 12 in Axes
  5645 | D:6      | Reached XP level 9. HP: 83/83 MP: 8/8
  5715 | D:6      | Reached **** piety under Trog
  5737 | D:6      | Reached skill level 1 in Ranged Weapons
  5773 | D:6      | Found a shimmering blue altar of Sif Muna.
  6017 | D:6      | Reached skill level 13 in Axes
  6386 | D:7      | Found a radiant altar of Vehumet.
  6709 | D:3      | Bought a potion of attraction for 42 gold pieces
  6709 | D:3      | Bought a potion of heal wounds for 70 gold pieces
  6709 | D:3      | Bought 2 potions of haste for 280 gold pieces
  6916 | D:7      | Reached skill level 10 in Fighting
  6932 | D:7      | Found a sacrificial altar of Ru.
  7030 | D:8      | Noticed a two-headed ogre
  7037 | D:8      | Killed a two-headed ogre
  7038 | D:8      | Reached skill level 5 in Ranged Weapons
  7038 | D:8      | Reached XP level 10. HP: 93/93 MP: 9/9
  7163 | D:8      | Found a hide-covered altar of Uskayaw.
  7274 | D:8      | Found an iron altar of Okawaru.
  7434 | D:8      | Reached skill level 14 in Axes
  7445 | D:8      | Reached ***** piety under Trog
  7891 | D:9      | Found a runed translucent gate.
  7892 | D:9      | Found a runed translucent gate.
  7893 | D:9      | Found a runed translucent gate.
  7987 | D:9      | Found a blossoming altar of Fedhas.
  8082 | D:9      | Found a staircase to the Lair.
  8101 | D:9      | Found a hazy altar of Hepliaklqana.
  8171 | D:9      | Noticed Stellion's ghost (journeyman GnDe)
  8282 | D:10     | Entered Level 10 of the Dungeon
  8348 | D:10     | Noticed a cyclops
  8374 | D:10     | Killed a cyclops
  8375 | D:10     | Reached skill level 1 in Evocations
  8437 | D:10     | Found a sparkling altar of Nemelex Xobeh.
  8587 | D:10     | Found a glowing golden altar of the Shining One.
  8587 | D:10     | Found a shadowy altar of Dithmenos.
  8862 | D:10     | Noticed Snorg
  8873 | D:10     | Reached XP level 11. HP: 79/102 MP: 10/10
  8876 | D:10     | Killed Snorg
  8877 | D:10     | Reached skill level 15 in Axes
  8923 | D:10     | Found an opulent altar of Gozag.
  9248 | Lair:1   | Entered Level 1 of the Lair of Beasts
 10002 | Lair:1   | Noticed a death yak
 10002 | Lair:1   | Noticed a death yak
 10060 | D:9      | Killed a death yak
 10113 | D:9      | Killed a death yak
 10170 | Lair:1   | Received a gift from Trog
 10416 | Lair:1   | Reached skill level 16 in Axes
 10641 | Lair:1   | Noticed a death yak
 10641 | Lair:1   | Noticed a death yak
 10642 | Lair:1   | Noticed a death yak
 10657 | Lair:1   | Killed a death yak
 10658 | Lair:1   | Reached skill level 10 in Ranged Weapons
 10664 | Lair:1   | Noticed a death yak
 10669 | Lair:1   | Noticed a death yak
 10675 | Lair:1   | Killed a death yak
 10679 | Lair:1   | Killed a death yak
 10680 | Lair:1   | Killed a death yak
 10681 | Lair:1   | Reached XP level 12. HP: 112/112 MP: 11/11
 10684 | Lair:1   | Killed a death yak
 11243 | Lair:2   | Found a dark tunnel.
 11265 | Volcano  | Entered a volcano
 11395 | Volcano  | Reached skill level 17 in Axes
 11751 | Volcano  | Reached skill level 5 in Evocations
 11863 | Volcano  | Noticed an orb of fire
 11876 | Volcano  | Noticed an orb of fire
 13044 | Lair:2   | Reached XP level 13. HP: 84/122 MP: 12/12
 13380 | Lair:3   | Reached skill level 18 in Axes
 13440 | Lair:3   | Found a staircase to the Swamp.
 13440 | Lair:3   | Noticed an eleionoma
 13447 | Lair:3   | Killed an eleionoma
 13939 | Lair:3   | Identified the amulet "Esirghy" {Spirit rElec Will+}
 14109 | Lair:3   | Found a runed translucent gate.
 14109 | Lair:3   | Found a runed translucent gate.
 14109 | Lair:3   | Found a runed translucent gate.
 14109 | Lair:3   | Noticed Xavori's ghost (adept DjCK)
 14135 | Lair:3   | Killed Xavori's ghost
 14315 | Lair:3   | Found a staircase to the Snake Pit.
 16300 | Lair:5   | Entered Level 5 of the Lair of Beasts
 16300 | Lair:5   | Found a staircase to the Slime Pits.
 16313 | Lair:4   | Reached XP level 14. HP: 108/133 MP: 13/13
 16397 | Lair:5   | Reached skill level 15 in Ranged Weapons
 16399 | Lair:5   | Reached skill level 19 in Axes
 18227 | Lair:5   | Reached skill level 15 in Fighting
 18369 | Lair:5   | Found a viscous altar of Jiyva.
 18655 | Lair:5   | Identified the +0 ring mail of Pragmatism {rElec}
 18659 | Lair:5   | Identified the +4 chain mail of Oblivion {rElec rN++ Will+
                  | Int-3}
 19169 | D:11     | Reached skill level 5 in Armour
 19171 | D:11     | Found a staircase to the Orcish Mines.
 19200 | Orc:1    | Entered Level 1 of the Orcish Mines
 20404 | D:11     | Identified the +8 plate armour of Cheibriados's Whim {Int+4
                  | Dex+3}
 21159 | Orc:1    | Received a gift from Trog
 21641 | Orc:2    | Entered Level 2 of the Orcish Mines
 21696 | Orc:2    | Found a staircase to the Elven Halls.
 22077 | Orc:2    | Noticed Jorgrun
 22086 | Orc:2    | Killed Jorgrun
 22087 | Orc:2    | Reached XP level 15. HP: 141/141 MP: 14/14
 22899 | Orc:2    | Found Guhanif's General Store.
 22910 | Orc:2    | Found Tuduar's Antique Armour Shoppe.
 22942 | Orc:2    | Found Cuacloem's Antique Armour Shop.
 22983 | Orc:2    | Bought the +3 crown of Dyrovepreva {rElec Int+2 SInv} for
                  | 786 gold pieces
 22983 | Orc:2    | Found the +3 crown of Dyrovepreva {rElec Int+2 SInv}
 23003 | Orc:2    | Found Faentol's Book Shoppe.
 23155 | D:12     | Noticed Kirke
 23165 | D:12     | Killed Kirke
 23301 | D:12     | Noticed Azrael
 23313 | D:12     | Received a gift from Trog
 23328 | D:12     | Killed Azrael
 23481 | D:12     | Upgraded the game from 0.31-a0-981-geadf994542 to
                  | 0.31-a0-983-g7b6862f502
 23563 | D:12     | Found Beonnov's Distillery.
 23568 | D:12     | Bought a potion of might for 60 gold pieces
 23568 | D:12     | Bought a potion of might for 60 gold pieces
 23568 | D:12     | Bought a potion of might for 60 gold pieces
 23568 | D:12     | Bought a potion of enlightenment for 75 gold pieces
 23568 | D:12     | Bought a potion of might for 60 gold pieces
 23568 | D:12     | Bought a potion of heal wounds for 75 gold pieces
 23655 | D:12     | Found Koppaum's Book Emporium.
 23738 | D:12     | Found Awompab's Armour Shop.
 23984 | D:12     | Found Ysiojypi's Weapon Shop.
 24221 | D:12     | Found Guzomo Keema's Magic Scroll Shoppe.
 24274 | D:12     | Bought a scroll of enchant weapon for 135 gold pieces
 24274 | D:12     | Bought a scroll of revelation for 135 gold pieces
 24503 | D:13     | Reached skill level 20 in Axes
 25460 | D:13     | Found a runed translucent door.
 25503 | D:13     | Found a runed translucent gate.
 25503 | D:13     | Found a runed translucent gate.
 25503 | D:13     | Found a runed translucent gate.
 25503 | D:13     | Found a runed translucent gate.
 25503 | D:13     | Found a runed translucent gate.
 25503 | D:13     | Found a runed translucent gate.
 25511 | D:13     | Identified the +9 whip "Empac" {heavy, Fly rN+ rCorr}
 25944 | D:13     | Identified the amulet "Yjusierr" {RegenMP Dex+4}
 26912 | D:14     | Noticed Lodul
 26938 | D:13     | Killed Lodul
 27871 | D:14     | Reached XP level 16. HP: 106/152 MP: 15/15
 28488 | D:14     | Found a gate to the Vaults.
 28635 | D:15     | Entered Level 15 of the Dungeon
 29569 | D:15     | Received a gift from Trog
 30682 | D:15     | Found a staircase to the Depths.
 30991 | D:9      | Killed Stellion's ghost
 31143 | Vaults:5 | Identified the "Byocatt"
 31143 | Crypt:3  | Identified the "Figauv"
 31143 | Elf:1    | Identified the "Naosiq"
 31143 | Elf:1    | Entered Level 1 of the Elven Halls
 31158 | Elf:1    | Reached skill level 21 in Axes
 31814 | Elf:1    | Found Ilasash Atoe's Jewellery Shop.
 32641 | Elf:1    | Found Nemi's Book Shoppe.
 32791 | Elf:1    | Found Dymoakaf's Jewellery Boutique.
 32794 | Elf:1    | Bought the ring "Hasoboj" {Fly Will+ Slay+2 Stlth+} for 724
                  | gold pieces
 33970 | Elf:2    | Shot with an arrow by a deep elf archer

Illustrated notes

Levels and vault maps discovered:
D:1:      dpeg_arrival_leaves_temple_mockup, layout_basic, serial_forest,
          infiniplex_forest_clump_medium, infiniplex_forest_lined_3_way,
          infiniplex_forest_straight_4, infiniplex_forest_lined_2,
          infiniplex_forest_corner_1, infiniplex_forest_end_2,
          infiniplex_forest_lined_room_3, chequers_big_river
D:2:      layout_basic
D:3:      layout_loops_ring, serial_shops, shop, uniq_jessica
D:4:      layout_loops_ring, grunt_temple_overflow_champion_of_chaos,
          nzn_wu_jian_council_hall, serial_glass, glass_columns_a,
          glass_columns_c, minmay_rat_hole, uniq_grinder
D:5:      layout_gridville, kennysheep_mini, minmay_temple_entry_mini_moons
D:6:      kennysheep_housing_project, layout_cave_pools,
          mainiacjoe_overflow_large_starburst
D:7:      layout_cave_pools, vehumet_altar_wand_db,
          nicolae_ru_the_path_less_chosen
D:8:      layout_rooms, lemuel_round_altar, eat_drink_and_be_merry_uskayaw,
          special_room [special_room_kobold], chequers_serial_rivers_room_a
D:9:      layout_roguey, fedhas_altar_1, general_overflow_altar,
          lair_entry_dummy, gammafunk_ghost_spectres, corexii_hall_statues_i
D:10:     layout_stronghold, jmf_multi_god_temple,
          nicolae_gozag_cash_rules_everything_around_me, nemelex_altar_shiori,
          chequers_serial_rivers_micro_e, uniq_snorg
D:11:     layout_roguey, orc_0_dummy, grunt_livestock
D:12:     layout_loops_corners, serial_shops, shop,
          nicolae_shop_tiny_waterfront, shop_coins, shop, shop,
          minmay_fractal_squares_gapless_5, uniq_azrael, uniq_kirke
D:13:     gammafunk_indiana_jones, layout_stronghold, minmay_misc_feat_iff,
          uniq_erolcha
D:14:     layout_basic, hellmonk_vaults_keyhole, hangedman_decor_diamond_cutter,
          bh_walls_and_bars, uniq_lodul
D:15:     grunt_enter_depths_magical_seal, layout_long_grid,
          nicolae_twisty_statue_hallways, chequers_serial_rivers_micro_c,
          grunt_ministairs_3
Lair:1:   layout_cave_pods, minivault_23, grunt_megastairs_2
Lair:2:   layout_roguey, nicolae_volcano_entry_lava_flow
Lair:3:   layout_regular_city, alex1729_swamp_entry_worm_eleionoma,
          alex1729_snake_entry_snake, ebering_ghost_rock_garden,
          minmay_lair_oklob_items, grunt_megastairs_4
Lair:4:   layout_concentric_octagons, chequers_serial_rivers_micro_a
Lair:5:   grunt_lair_end_beastmaster, layout_big_grid, slime_entry_1,
          nicolae_lair_lindhole
Orc:1:    layout_caves
Orc:2:    hellmonk_orc_salted, layout_caves, nicolae_orc_tapped_out,
          uniq_jorgrun
Elf:1:    nicolae_elf_arrival_no_cutting_in_line, layout_loops_ring,
          serial_shops, nicolae_shop_window_shopping,
          nicolae_shop_real_fake_doors,
          nicolae_shop_temple_entry_statues_fountains, serial_glass,
          glass_columns_a, glass_columns_c, item_on_display_b
Elf:2:    nicolae_elf_blades_splatter_lattice [nicolae_blade_bullseye],
          layout_loops_cross

Skill      XL: |  1  2  3  4  5  6  7  8  9 10 11 12 13 14 15 16 |
---------------+-------------------------------------------------+-----
Axes           | 4 5 6 8 9 12 13 14 16 17 18 19 20 21 | 21.5
Fighting       | 4 5 6 7 9 10 11 12 13 14 15 16 | 16.9
Ranged Weapons | 5 8 10 12 14 16 17 18 | 18.8
Evocations     | 1 3 5 6 7 8 |  8.3
Armour         | 5 7 |  7.0
Dodging        | |  2.1

Action                     |  1- 3 |  4- 6 |  7- 9 | 10-12 | 13-15 | 16-18 || total
---------------------------+-------+-------+-------+-------+-------+-------++-------
  Melee: Hand axe          |    77 |   124 |    35 |       |       |       ||   236
         Headbutt          |     9 |    25 |    38 |    74 |   180 |    32 ||   358
         Punch             |     1 |       |     3 |     6 |    19 |       ||    29
         Trident           |       |       |    46 |       |       |       ||    46
         Broad axe         |       |       |   111 |   361 |   749 |    96 ||  1317
         War axe           |       |       |    17 |       |       |       ||    17
         Battleaxe         |       |       |       |       |     7 |     1 ||     8
         Executioner's axe |       |       |       |       |    48 |    64 ||   112
   Fire: Orcbow            |       |       |    57 |    59 |       |       ||   116
         Longbow           |       |       |       |    25 |   332 |    98 ||   455
  Throw: Stone             |     2 |     3 |     4 |       |       |       ||     9
         Boomerang         |       |       |       |    16 |    16 |     1 ||    33
 Invoke: Trog's Hand       |     2 |       |     4 |    12 |    22 |     5 ||    45
         Berserk           |     1 |     5 |     5 |     3 |    20 |     7 ||    41
  Evoke: Wand              |       |       |     3 |     6 |     7 |     2 ||    18
         Sack of spiders   |       |       |       |       |     1 |       ||     1
    Use: Scroll            |     4 |     4 |     3 |    13 |    12 |     3 ||    39
         Potion            |       |       |     1 |     1 |     1 |     3 ||     6
   Stab: Paralysed         |       |       |     4 |       |       |     2 ||     6
         Sleeping          |       |       |     2 |     1 |       |       ||     3
         Invisible         |       |       |       |       |    11 |       ||    11
 Armour: Animal skin       |     7 |       |       |       |       |       ||     7
         Scale mail        |    33 |    15 |       |       |       |       ||    48
         Plate armour      |       |    63 |    38 |   101 |   843 |   190 ||  1235
         Ring mail         |       |       |    68 |   161 |       |       ||   229
         Chain mail        |       |       |       |       |    12 |       ||    12
  Dodge: Dodged            |    39 |    24 |    82 |   108 |   249 |    92 ||   594
  Block: Buckler           |       |    15 |    11 |       |       |       ||    26
         Other             |       |       |       |    13 |   114 |    26 ||   153
         Reflection        |       |       |       |     1 |     9 |     2 ||    12

Table legend: (Time is in decaauts)
 A = Elapsed time spent in this place.
 B = Non-inter-level travel time spent in this place.
 C = Inter-level travel time spent in this place.
 D = Time resting spent in this place.
 E = Time spent auto-exploring this place.
 F = Levels seen in this place.
 G = Mean time per level.
                   A        B        C        D        E       F      G
               +--------+--------+--------+--------+--------+-----+--------+
         Total |  33883 |  32416 |   1467 |  12654 |  14072 |  25 | 1355.3 |
       Dungeon |  19235 |  18177 |   1058 |   5903 |   9305 |  15 | 1282.3 |
          Lair |   8637 |   8381 |    256 |   3448 |   3701 |   5 | 1727.4 |
  Orcish Mines |   2511 |   2401 |    110 |   1140 |    521 |   2 | 1255.5 |
   Elven Halls |   2695 |   2654 |     41 |   1705 |    518 |   2 | 1347.5 |
       Volcano |    803 |    803 |      0 |    456 |     27 |   1 |  803.0 |
               +--------+--------+--------+--------+--------+-----+--------+

Top non-repeatable levels by time:
  Lair:5: 2446 daAuts
    D:13: 2322 daAuts
    D:15: 2197 daAuts
    D:11: 1936 daAuts
    D:14: 1927 daAuts
  Lair:1: 1800 daAuts
   Elf:1: 1785 daAuts
  Lair:4: 1714 daAuts
   Orc:2: 1521 daAuts
     D:3: 1420 daAuts
  Lair:3: 1349 daAuts
  Lair:2: 1325 daAuts
     D:1: 1286 daAuts
     D:4: 1210 daAuts
    D:12: 1201 daAuts
